Map: [ESL] Inside and Out

Players

herO - Winner!

  • Race: Protoss Protoss
  • Spawn Location: 1:00

Lambo

  • Race: Zerg Zerg
  • Spawn Location: 7:00

Event: DreamHack SC2 Masters 2022 Valencia

VOD

Have the link to the VOD?

Description

Time

  • Played on: July 2, 2022, 12:37 p.m.
  • Length: 11:33

All games in this series

Show
View Real Time Build Order
Export as new Build Order

herO Protoss - Winner!

Build Orders: 1 Gate Expand, Oracle Opening 

Get SALT Encoding   

  12  0:00  Probe  
  13  0:13  Pylon  
  13  0:17  Probe (Chrono Boost)  
  14  0:26  Probe (Chrono Boost)  
  15  0:32  Probe  
  16  0:41  Gateway  
  16  0:44  Probe  
  16  0:47  Assimilator  
  17  0:56  Probe  
  18  1:08  Probe  
  19  1:20  Probe  
  20  1:26  Nexus  
  20  1:35  Cybernetics Core  
  20  1:38  Probe  
  21  1:44  Assimilator  
  21  1:50  Probe  
  21  1:53  Pylon  
  22  2:02  Probe (Chrono Boost)  
  23  2:11  Adept  
  23  2:14  Probe (Chrono Boost)  
  26  2:17  Stargate  
  27  2:22  Probe (Chrono Boost)  
  27  2:25  Warp Gate  
  27  2:29  Probe (Chrono Boost)  
  27  2:34  Pylon  
  28  2:39  Probe (Chrono Boost)  
  30  2:45  Adept  
  30  2:48  Probe (Chrono Boost)  
  30  2:50  Probe (Chrono Boost)  
  33  2:54  Probe (Chrono Boost)  
  33  2:55  Probe (Chrono Boost)  
  35  2:58  Oracle (Chrono Boost)  
  38  3:06  Probe x2  
  38  3:11  Pylon  
  40  3:18  Probe  
  40  3:19  Probe  
  42  3:23  Gateway  
  42  3:25  Oracle (Chrono Boost)  
  42  3:32  Probe x2  
  47  3:50  Nexus  
  47  3:51  Pylon  
  47  3:54  Probe x2, Oracle (Chrono Boost)  
  49  4:01  Assimilator  
  52  4:04  Assimilator  
  52  4:07  Probe x2  
  54  4:13  Forge  
  54  4:16  Twilight Council  
  54  4:20  Probe x2  
  56  4:28  Adept  
  58  4:32  Probe x2  
  58  4:41  Gateway  
  58  4:43  Gateway  
  58  4:44  Adept  
  58  4:45  Probe x2  
  62  4:46  Blink  
  62  4:49  Protoss Ground Weapons Level 1 (Chrono Boost)  
  62  5:02  Probe (Chrono Boost)  
  62  5:03  Gateway  
  62  5:05  Probe (Chrono Boost)  
  62  5:06  Probe (Chrono Boost)  
  65  5:07  Gateway  
  65  5:14  Probe (Chrono Boost)  
  67  5:15  Oracle  
  67  5:16  Probe (Chrono Boost)  
  67  5:18  Probe (Chrono Boost)  
  67  5:19  Probe (Chrono Boost)  
  72  5:21  Probe (Chrono Boost)  
  72  5:23  Sentry  
  72  5:26  Probe  
  72  5:27  Pylon  
  76  5:31  Probe  
  77  5:42  Nexus  
  77  5:44  Pylon  
  77  5:45  Probe x2  
  79  5:50  Probe  
  80  5:57  Probe  
  80  5:58  Stalker  
  80  6:02  Stalker, Pylon x2  
  80  6:03  Photon Cannon  
  85  6:07  Pylon  
  86  6:15  Gateway  
  86  6:17  Gateway  
  85  6:19  Oracle (Chrono Boost)  
  85  6:20  Stalker  
  85  6:21  Stalker  
  85  6:22  Shield Battery  
  92  6:26  Pylon  
  92  6:29  Stalker x2  
  92  6:32  Charge  
  96  6:38  Protoss Ground Weapons Level 2 (Chrono Boost)  
  96  6:46  Probe  
  96  6:47  Probe x2  
  99  6:49  Stalker x3  
  99  6:52  Oracle (Chrono Boost)  
  108  6:54  Probe  
  108  6:59  Probe  
  110  7:03  Gateway  
  110  7:04  Photon Cannon, Probe x2  
  110  7:05  Gateway  
  112  7:14  Stalker x4  
  120  7:23  Probe x2  
  120  7:24  Probe x2  
  124  7:30  Stalker x3  
  124  7:31  Stalker  
  132  7:37  Pylon x2  
  130  7:55  Zealot x8  
  144  7:58  Gateway  
  144  7:59  Photon Cannon, Gateway  
  144  8:05  Templar Archives  
  144  8:06  Pylon  
  144  8:15  Zealot x6  
  156  8:24  Oracle  
  147  8:27  Zealot x3  
  147  8:28  Zealot  
  147  8:30  Probe x3  
  147  8:31  Probe  
  134  8:51  Zealot x10  
  134  8:53  Nexus  
  134  8:54  Zealot  
  156  8:56  Pylon  
  156  8:59  Zealot  
  158  9:05  Oracle  
  137  9:25  Stalker x9  
  137  9:28  Zealot  
  137  9:29  Zealot  
  149  9:37  Photon Cannon  
  149  9:38  Shield Battery  
  149  9:43  Oracle  
  152  9:50  Zealot x6  
  152  9:51  Zealot  
  166  9:55  Probe x3  
  169  10:05  Zealot x5  
Show
View Real Time Build Order
Export as new Build Order

Lambo Zerg 

Build Orders: Hatch First 

Get SALT Encoding   

  12  0:00  Drone  
  13  0:13  Overlord  
  13  0:16  Drone  
  14  0:32  Drone x2  
  16  0:42  Drone  
  17  0:50  Hatchery  
  17  0:54  Drone  
  17  0:57  Drone  
  18  1:08  Extractor  
  17  1:14  Spawning Pool  
  17  1:17  Drone  
  17  1:20  Drone  
  18  1:30  Drone  
  19  1:43  Drone  
  20  1:51  Overlord  
  20  2:00  Queen  
  22  2:02  Queen  
  22  2:03  Drone, Zergling x2  
  26  2:11  Drone  
  26  2:15  Drone, Metabolic Boost  
  28  2:22  Zergling x2  
  29  2:25  Drone  
  30  2:35  Drone x2  
  32  2:45  Drone  
  32  2:46  Overlord  
  32  2:50  Hatchery  
  32  2:56  Queen  
  34  2:59  Drone  
  34  3:00  Drone  
  36  3:06  Zergling x2  
  36  3:08  Queen  
  39  3:17  Drone x4  
  42  3:23  Overlord  
  42  3:25  Overlord  
  42  3:26  Drone  
  43  3:33  Spore Crawler, Drone  
  43  3:44  Zergling x4  
  43  3:49  Drone x5  
  48  3:56  Evolution Chamber  
  48  3:57  Queen  
  48  4:01  Drone x3  
  52  4:06  Queen  
  52  4:09  Spore Crawler, Drone  
  54  4:12  Drone  
  54  4:15  Drone  
  54  4:16  Drone x2  
  58  4:18  Drone  
  58  4:19  Drone  
  58  4:21  Zerg Melee Weapons Level 1  
  59  4:27  Drone x3  
  59  4:33  Drone x2  
  59  4:35  Zergling x2  
  59  4:36  Zergling x4  
  61  4:45  Drone  
  62  4:47  Drone x3  
  62  4:49  Roach Warren  
  64  4:55  Drone, Lair  
  64  4:57  Overlord  
  64  4:58  Extractor  
  64  4:59  Overlord  
  64  5:01  Overlord  
  64  5:06  Drone  
  65  5:09  Extractor  
  64  5:15  Drone x9  
  64  5:20  Zergling x2  
  64  5:21  Zergling x4  
  76  5:22  Spore Crawler  
  76  5:26  Drone x2  
  77  5:33  Drone x3  
  80  5:39  Queen  
  82  5:43  Drone x5  
  82  5:44  Drone x2  
  82  5:47  Extractor  
  82  5:48  Extractor  
  87  5:51  Zergling x2  
  87  5:56  Glial Reconstitution, Hatchery  
  87  5:57  Drone x2  
  87  5:59  Extractor  
  87  6:01  Overlord  
  87  6:02  Drone, Overlord  
  89  6:06  Overlord  
  89  6:07  Baneling Nest  
  89  6:08  Overlord x2  
  88  6:15  Overlord  
  88  6:21  Overlord  
  88  6:22  Roach x4  
  88  6:23  Zergling x2  
  97  6:26  Zergling x4  
  97  6:28  Drone x2  
  97  6:31  Zerg Melee Weapons Level 2  
  101  6:35  Evolution Chamber  
  101  6:37  Roach x4  
  101  6:38  Queen  
  101  6:39  Queen  
  106  6:42  Queen  
  106  6:46  Drone x3  
  106  6:47  Drone  
  112  6:48  Drone  
  112  6:49  Drone  
  112  6:52  Zergling x6  
  112  6:53  Ravager x2  
  119  6:56  Centrifugal Hooks  
  119  6:59  Drone  
  124  7:01  Roach x2  
  124  7:04  Roach  
  124  7:06  Drone x2  
  127  7:09  Drone x4  
  127  7:12  Spore Crawler  
  127  7:13  Drone x2  
  132  7:16  Zerg Missile Weapons Level 1  
  132  7:17  Drone x2  
  132  7:20  Overlord  
  132  7:22  Overlord  
  134  7:23  Overlord  
  134  7:25  Overlord  
  134  7:28  Baneling x3  
  134  7:31  Overlord  
  134  7:33  Overlord  
  134  7:38  Zergling x18  
  134  7:41  Zergling x2  
  134  7:43  Baneling  
  143  7:46  Zergling x12  
  145  7:56  Baneling x10  
  145  7:57  Roach x4  
  145  7:58  Ravager x2  
  155  7:59  Ravager  
  155  8:04  Baneling x14  
  156  8:09  Roach x3  
  163  8:12  Zergling x2  
  163  8:13  Zergling x8  
  163  8:14  Baneling  
  163  8:22  Zergling x16  
  164  8:33  Zergling x12  
  160  8:38  Roach x5, Queen x2  
  164  8:42  Zergling x2  
  164  8:43  Baneling x8  
  164  8:45  Zergling x2  
  164  8:46  Queen  
  162  8:50  Baneling x4  
  162  8:55  Zergling x8  
  166  8:59  Baneling  
  166  9:00  Baneling x5  
  166  9:01  Zergling x4  
  168  9:05  Zergling x8  
  168  9:06  Queen  
  168  9:08  Zerg Ground Armor Level 1  
  164  9:14  Zergling x12  
  169  9:17  Roach  
  169  9:22  Roach x2  
  166  9:29  Roach x2  
  163  9:33  Baneling x10  
  163  9:36  Baneling x10  
  163  9:38  Baneling  
  163  9:39  Baneling x6, Zergling x12  
  169  9:47  Queen x2  
  169  9:48  Zergling x6  
  175  9:53  Overlord  
  175  9:56  Overlord  
  170  10:02  Zergling x18  
  158  10:07  Zergling x8  
  158  10:11  Roach x3  
  158  10:13  Roach x3  
  146  10:16  Roach x3  
  146  10:18  Roach  

Tags
 
Add a new tag
Caveats
  • Supply blocks, unpowered buildings, or Contaminate may cause inaccurate times.
  • Supply counts are checked every 10 seconds.